[Event "ICC tourney 2266 (75 10)"]
[Site "Internet Chess Club"]
[Date "2021.01.03"]
[Round "4"]
[White "MrNormalName"]
[Black "AJM04"]
[Result "1/2-1/2"]
[ICCResult "Game drawn because neither player has mating material"]
[WhiteElo "2174"]
[BlackElo "2050"]
[Opening "QGD semi-Slav: Stoltz variation"]
[ECO "D45"]
[NIC "SL.08"]
[Time "11:04:42"]
[PlyCount "105"]
[TimeControl "4500+10"]

1. d4 d5 2. c4 c6 3. Nc3 Nf6 4. e3 e6 5. Nf3 Nbd7 6. Qc2 Bd6 7. Be2 O-O 8.
O-O dxc4 9. Bxc4 b5 10. Be2 Bb7 11. e4 e5 12. dxe5 Nxe5 13. Nd4 Bc5 14. Nf5
Qb6 15. Bg5 Nfg4 16. Bxg4 Nxg4 17. h3 Ne5 18. Rac1 f6 19. Bf4 Rad8 20. Rfd1
Kh8 21. Be3 Bxe3 22. Nxe3 a5 23. Kh2 a4 24. Kh1 Rxd1+ 25. Rxd1 Rd8 26. Rd2
Kg8 27. Qd1 Rxd2 28. Qxd2 Qc7 29. f4 Ng6 30. g3 Ne7 31. Kh2 Bc8 32. b4 axb3
33. axb3 Qd7 34. Qxd7 Bxd7 35. b4 Nc8 36. Kg2 Kf7 37. g4 Nd6 38. Nc2 Nb7
39. Nd4 c5 40. bxc5 Nxc5 41. Ndxb5 Bxb5 42. Nxb5 Nxe4 43. Kf3 Nc5 44. Nd6+
Ke6 45. Ne8 g6 46. f5+ Ke5 47. fxg6 hxg6 48. h4 Ne6 49. h5 gxh5 50. gxh5
Kf5 51. h6 Kg6 52. h7 Kxh7 53. Nxf6+ { Game drawn because neither player
has mating material } 1/2-1/2

[Event "ICC tourney 2266 (75 10)"]
[Site "Internet Chess Club"]
[Date "2021.01.03"]
[Round "4"]
[White "creepycrawlies"]
[Black "SuperPuzzler"]
[Result "1/2-1/2"]
[ICCResult "Game drawn by repetition"]
[WhiteElo "2187"]
[BlackElo "1969"]
[Opening "King's Indian: fianchetto, Simagin variation"]
[ECO "E62"]
[NIC "KI.72"]
[Time "11:01:34"]
[PlyCount "128"]
[TimeControl "4500+10"]

1. d4 Nf6 2. c4 g6 3. Nf3 Bg7 4. g3 O-O 5. Bg2 d6 6. Nc3 Nc6 7. O-O Bg4 8.
h3 Bxf3 9. Bxf3 Nd7 10. e3 e5 11. dxe5 Ndxe5 12. Bd5 Rb8 13. f4 Nd7 14. Bg2
Re8 15. Bd2 Nc5 16. a3 a5 17. Rb1 Ne7 18. b4 Nd7 19. Kh2 Nf5 20. e4 Nd4 21.
Be3 Nf5 22. Bd2 Nd4 23. Nd5 c6 24. Ne3 axb4 25. axb4 Qc7 26. Bc3 Nf3+ 27.
Bxf3 Bxc3 28. Qd3 Bg7 29. Rfd1 Nf6 30. c5 dxc5 31. e5 Red8 32. Qc4 Nd7 33.
bxc5 Bf8 34. Ng4 Nxc5 35. Nf6+ Kg7 36. Qc3 Ne6 37. Bg4 Be7 38. Bxe6 fxe6
39. Ne4 c5 40. Rd6 c4 41. Rbb6 Kh8 42. Rxe6 Bc5 43. Rb5 Bd4 44. Qb4 Be3 45.
Re7 Rd7 46. Rxd7 Qxd7 47. Qxc4 Qd1 48. Kg2 Bd4 49. Qf1 Qc2+ 50. Kf3 Ra8 51.
Nd6 Qc6+ 52. Kg4 Qd7+ 53. f5 Bxe5 54. Rxe5 Qxd6 55. Re4 gxf5+ 56. Qxf5 Rg8+
57. Kh5 Qxg3 58. Qf6+ Qg7 59. Qxg7+ Rxg7 60. Re8+ Rg8 61. Re7 Rg7 62. Re8+
Rg8 63. Re7 Rg7 64. Re8+ Rg8 { Game drawn by repetition } 1/2-1/2

[Event "ICC tourney 2266 (75 10)"]
[Site "Internet Chess Club"]
[Date "2021.01.03"]
[Round "4"]
[White "kunalsh"]
[Black "RogerZ"]
[Result "0-1"]
[ICCResult "White forfeits on time"]
[WhiteElo "2054"]
[BlackElo "1930"]
[Opening "Ruy Lopez: 5.O-O"]
[ECO "C78"]
[NIC "RL.12"]
[Time "11:02:04"]
[PlyCount "90"]
[TimeControl "4500+10"]

1. e4 e5 2. Nf3 Nc6 3. Bb5 a6 4. Ba4 Nf6 5. O-O b5 6. Bb3 Bc5 7. d3 d6 8.
c3 h6 9. h3 Bb6 10. Nbd2 Na5 11. Bc2 c5 12. Re1 O-O 13. Nf1 Nc6 14. Ng3 Be6
15. a4 Qc7 16. Nh4 Rad8 17. Nhf5 Ne7 18. Qf3 Nxf5 19. Nxf5 Bxf5 20. Qxf5
Qd7 21. Qf3 Qe6 22. axb5 axb5 23. Ra6 Nd7 24. Be3 Ra8 25. Rea1 Rxa6 26.
Rxa6 Rb8 27. Qg3 Kh7 28. Bd1 Nf6 29. b4 Qc8 30. Ra1 cxb4 31. cxb4 Bxe3 32.
Qxe3 Rb7 33. Kh2 Qc3 34. Rb1 Rc7 35. Be2 Rc6 36. Qa7 Qc2 37. Re1 Qd2 38.
Qa1 Qxb4 39. Rb1 Qd2 40. Bf1 Qxf2 41. Rb2 Qf4+ 42. g3 Qe3 43. Qa2 Rc1 44.
Rf2 Qc5 45. Kg2 Qc7 { White forfeits on time } 0-1

[Event "ICC tourney 2266 (75 10)"]
[Site "Internet Chess Club"]
[Date "2021.01.03"]
[Round "4"]
[White "dpomerantz135"]
[Black "HostilePear"]
[Result "0-1"]
[ICCResult "White resigns"]
[WhiteElo "2238"]
[BlackElo "1958"]
[Opening "Caro-Kann: advance variation"]
[ECO "B12"]
[NIC "CK.04"]
[Time "11:01:40"]
[PlyCount "84"]
[TimeControl "4500+10"]

1. e4 c6 2. d4 d5 3. e5 Bf5 4. Nf3 e6 5. Be2 c5 6. Be3 cxd4 7. Nxd4 Ne7 8.
O-O Nbc6 9. f4 Qd7 10. Kh1 Nxd4 11. Bxd4 Nc6 12. Bg1 Rc8 13. c3 a6 14. Nd2
Be7 15. Nb3 O-O 16. Bd3 Bg6 17. Qe2 Qc7 18. Rae1 Rfe8 19. Bxg6 hxg6 20. Qg4
b5 21. Rf3 Qd8 22. Bf2 b4 23. h4 bxc3 24. bxc3 a5 25. Rh3 Rc7 26. h5 g5 27.
fxg5 Bxg5 28. Bb6 Bh6 29. Nd4 Qd7 30. Bxc7 Qxc7 31. Nxc6 Qxc6 32. Rf3 Qd7
33. Ref1 Rf8 34. Qd4 Qe7 35. c4 dxc4 36. Qxc4 Qg5 37. Rh3 Qxe5 38. a4 Rb8
39. Qa6 Qd5 40. Rxf7 Kxf7 41. Qa7+ Rb7 42. Rf3+ Qxf3 { White resigns } 0-1

[Event "ICC tourney 2266 (75 10)"]
[Site "Internet Chess Club"]
[Date "2021.01.03"]
[Round "4"]
[White "ryanwang"]
[Black "BlueJay01"]
[Result "0-1"]
[ICCResult "White resigns"]
[WhiteElo "1911"]
[BlackElo "2098"]
[Opening "Ruy Lopez: 5.O-O"]
[ECO "C78"]
[NIC "RL.12"]
[Time "11:01:43"]
[PlyCount "128"]
[TimeControl "4500+10"]

1. e4 e5 2. Nf3 Nc6 3. Bb5 a6 4. Ba4 Nf6 5. O-O b5 6. Bb3 Bc5 7. c3 d6 8.
d4 Bb6 9. h3 O-O 10. a4 Bb7 11. d5 Ne7 12. Re1 Nd7 13. Bg5 h6 14. Bxe7 Qxe7
15. Na3 Nc5 16. Bc2 c6 17. dxc6 Bxc6 18. axb5 axb5 19. Qe2 Rab8 20. Rad1
Ne6 21. Bb3 Nf4 22. Qd2 Rfd8 23. Nc2 Qf6 24. Nb4 Bb7 25. Kh2 Bc5 26. Bd5
Bxb4 27. cxb4 Bc8 28. Ng1 Nxd5 29. Qxd5 Qxf2 30. Nf3 Be6 31. Qc6 Qxb2 32.
Rxd6 Rdc8 33. Qa6 Qxb4 34. Rdd1 Qc5 35. Qa1 f6 36. Qa6 Qb6 37. Qa3 b4 38.
Qb2 b3 39. Re2 Rc6 40. Rdd2 Rbc8 41. Rf2 Qc5 42. Rfe2 Ra6 43. Qb1 Rca8 44.
Qd1 Qc7 45. Rb2 Ra2 46. Ne1 Ra1 47. Qd2 R1a2 48. Qd1 Rxb2 49. Rxb2 Ra2 50.
Rxb3 Bxb3 51. Qxb3+ Qf7 52. Qb8+ Kh7 53. Nf3 Qg6 54. Ne1 Qxe4 55. Qb3 Ra1
56. Nf3 Qf4+ 57. g3 Qe4 58. Qb2 Rf1 59. Ng1 Qf5 60. Kg2 Rb1 61. Qe2 Rc1 62.
Nf3 Rc2 63. Nd2 Rb2 64. g4 Qc2 { White resigns } 0-1

[Event "ICC tourney 2266 (75 10)"]
[Site "Internet Chess Club"]
[Date "2021.01.03"]
[Round "5"]
[White "mchessmaster"]
[Black "andrewjiang2"]
[Result "1-0"]
[ICCResult "Black resigns"]
[WhiteElo "1955"]
[BlackElo "1922"]
[Opening "Corn stalk defense"]
[ECO "B00"]
[NIC "VO.17"]
[Time "14:31:53"]
[PlyCount "27"]
[TimeControl "4500+10"]

1. e4 a5 2. Nf3 h5 3. Nc3 c5 4. d4 cxd4 5. Nxd4 e5 6. Ndb5 d6 7. Nd5 Na6 8.
Be3 Qb6 9. Bxb6 Nc7 10. Ndxc7+ Kd7 11. Qd5 Ra6 12. Nxa6 bxa6 13. Nxd6 Bxd6
14. Rd1 { Black resigns } 1-0

[Event "ICC tourney 2266 (75 10)"]
[Site "Internet Chess Club"]
[Date "2021.01.03"]
[Round "5"]
[White "KittiesRock18"]
[Black "kunalsh"]
[Result "1-0"]
[ICCResult "Black resigns"]
[WhiteElo "1905"]
[BlackElo "2054"]
[Opening "Scotch game"]
[ECO "C45"]
[NIC "SO.05"]
[Time "14:31:54"]
[PlyCount "29"]
[TimeControl "4500+10"]

1. e4 e5 2. Nf3 Nc6 3. d4 exd4 4. Nxd4 Bc5 5. Be3 Nxd4 6. Bxd4 Bxd4 7. Qxd4
Qf6 8. e5 Qg6 9. Nc3 Qxc2 10. e6 Nf6 11. exf7+ Kxf7 12. Bc4+ Ke8 13. Nd5
Nxd5 14. Bxd5 c6 15. Be4 { Black resigns } 1-0

[Event "ICC tourney 2266 (75 10)"]
[Site "Internet Chess Club"]
[Date "2021.01.03"]
[Round "5"]
[White "e4f5"]
[Black "vedrau"]
[Result "1-0"]
[ICCResult "Black resigns"]
[WhiteElo "2260"]
[BlackElo "2042"]
[Opening "Ruy Lopez: Anderssen variation"]
[ECO "C77"]
[NIC "RL.12"]
[Time "14:32:02"]
[PlyCount "79"]
[TimeControl "4500+10"]

1. e4 e5 2. Nf3 Nc6 3. Bb5 a6 4. Ba4 Nf6 5. d3 b5 6. Bb3 Be7 7. O-O O-O 8.
Bd5 Nxd5 9. exd5 Nb4 10. c4 bxc4 11. dxc4 e4 12. Ne1 a5 13. Nc3 f5 14. a3
Na6 15. d6 Bxd6 16. Qd5+ Kh8 17. Qxa8 c6 18. Be3 Bb8 19. Ba7 Be5 20. f4 Bf6
21. Bf2 Nc7 22. Qxa5 d5 23. cxd5 cxd5 24. Bb6 Bb7 25. Bxc7 Bd4+ 26. Kh1 Qh4
27. Qb4 Rf6 28. Qxd4 Rh6 29. h3 Qg3 30. Ne2 Rxh3+ 31. gxh3 Qxh3+ 32. Kg1
Qg4+ 33. Ng2 h5 34. Be5 Ba6 35. Bxg7+ Kh7 36. Bh6 Kxh6 37. Qh8+ Kg6 38.
Qg8+ Kf6 39. Qxg4 fxg4 40. Nd4 { Black resigns } 1-0

[Event "ICC tourney 2266 (75 10)"]
[Site "Internet Chess Club"]
[Date "2021.01.03"]
[Round "5"]
[White "PawnEatingZombi"]
[Black "AJM04"]
[Result "1-0"]
[ICCResult "Black resigns"]
[WhiteElo "2190"]
[BlackElo "2050"]
[Opening "QGD semi-Slav: Stoltz variation"]
[ECO "D45"]
[NIC "SL.08"]
[Time "14:31:45"]
[PlyCount "49"]
[TimeControl "4500+10"]

1. d4 d5 2. c4 c6 3. Nc3 Nf6 4. e3 e6 5. Nf3 Nbd7 6. Qc2 Bd6 7. Bd3 dxc4 8.
Bxc4 b5 9. Be2 Bb7 10. O-O O-O 11. e4 e5 12. dxe5 Nxe5 13. Nh4 g6 14. f4
Neg4 15. e5 Bc5+ 16. Kh1 Nf2+ 17. Rxf2 Bxf2 18. Nf3 Ne8 19. f5 c5 20. Bh6
Ng7 21. Bxg7 Kxg7 22. f6+ Kh8 23. Qc1 Rg8 24. Qh6 Qf8 25. Ng5 { Black
resigns } 1-0

[Event "ICC tourney 2266 (75 10)"]
[Site "Internet Chess Club"]
[Date "2021.01.03"]
[Round "5"]
[White "randomusername"]
[Black "DLWarrior"]
[Result "0-1"]
[ICCResult "White resigns"]
[WhiteElo "2132"]
[BlackElo "1968"]
[Opening "QGD semi-Slav: Stoltz variation"]
[ECO "D45"]
[NIC "SL.08"]
[Time "14:31:41"]
[PlyCount "64"]
[TimeControl "4500+10"]

1. d4 d5 2. c4 e6 3. Nf3 c6 4. e3 Nf6 5. Nc3 Nbd7 6. Qc2 Bd6 7. Bd3 O-O 8.
O-O h6 9. b3 dxc4 10. bxc4 e5 11. c5 Bc7 12. Bb2 Re8 13. Rfd1 exd4 14. exd4
Nf8 15. Ne5 Ng4 16. Ne4 Qh4 17. Nxg4 Bxg4 18. g3 Bxd1 19. Rxd1 Qe7 20. Qc3
Rad8 21. d5 Be5 22. d6 Qd7 23. Qb3 Bxb2 24. Qxb2 Qg4 25. Qc2 Ne6 26. Be2
Qg6 27. Bd3 Nf4 28. Re1 Nxd3 29. Qxd3 f5 30. d7 Rxe4 31. Qb3+ Qf7 32. Rxe4
fxe4 { White resigns } 0-1

[Event "ICC tourney 2266 (75 10)"]
[Site "Internet Chess Club"]
[Date "2021.01.03"]
[Round "5"]
[White "binomialfactor"]
[Black "mhebden"]
[Result "0-1"]
[ICCResult "White resigns"]
[WhiteElo "2176"]
[BlackElo "2503"]
[Opening "King's Indian: Gligoric-Taimanov system"]
[ECO "E92"]
[NIC "KI.18"]
[Time "14:31:38"]
[PlyCount "76"]
[TimeControl "4500+10"]

1. d4 Nf6 2. c4 g6 3. Nc3 Bg7 4. e4 d6 5. Nf3 O-O 6. Be2 e5 7. Be3 Ng4 8.
Bg5 f6 9. Bc1 Nc6 10. O-O f5 11. dxe5 Ngxe5 12. exf5 Bxf5 13. Be3 Kh8 14.
Qd2 Ng4 15. Bg5 Qd7 16. h3 Nf6 17. Bd3 Bxh3 18. gxh3 Qxh3 19. Nh2 Ng4 20.
f3 Bd4+ 21. Kh1 Nxh2 22. Qxh2 Rxf3 23. Be2 Qxh2+ 24. Kxh2 Be5+ 25. Kh1 Rh3+
26. Kg1 Rg3+ 27. Kh1 Rxg5 28. Ne4 Rf5 29. Rxf5 gxf5 30. Ng5 Bf6 31. Nh3 Re8
32. Bd3 Nd4 33. Nf4 c6 34. Nh5 Be5 35. Rf1 Rg8 36. Rg1 Rg6 37. c5 Rh6 38.
Rg5 Bf4 { White resigns } 0-1

[Event "ICC tourney 2266 (75 10)"]
[Site "Internet Chess Club"]
[Date "2021.01.03"]
[Round "5"]
[White "Suraj240704"]
[Black "KnightHawk8"]
[Result "0-1"]
[ICCResult "White checkmated"]
[WhiteElo "2163"]
[BlackElo "2028"]
[Opening "QGD semi-Slav"]
[ECO "D43"]
[NIC "SL.06"]
[Time "14:31:39"]
[PlyCount "62"]
[TimeControl "4500+10"]

1. d4 d5 2. c4 e6 3. Nc3 c6 4. Nf3 Nf6 5. Bg5 h6 6. Bxf6 Qxf6 7. e3 g6 8.
Bd3 Bg7 9. O-O O-O 10. Qe2 Nd7 11. e4 dxe4 12. Nxe4 Qe7 13. c5 e5 14. Nd6
Qf6 15. b4 exd4 16. Rfe1 a5 17. a3 b6 18. Rac1 axb4 19. axb4 bxc5 20. bxc5
Ra5 21. Qd2 Nxc5 22. Nxc8 Rxc8 23. Qxa5 Nxd3 24. Qa6 Qf5 25. Nh4 Qxf2+ 26.
Kh1 Nxe1 27. Qxc8+ Kh7 28. Qa6 d3 29. h3 Be5 30. g3 Bxg3 31. Qa2 Qf1# {
White checkmated } 0-1

[Event "ICC tourney 2266 (75 10)"]
[Site "Internet Chess Club"]
[Date "2021.01.03"]
[Round "5"]
[White "HostilePear"]
[Black "Blue-Elephant1"]
[Result "1/2-1/2"]
[ICCResult "Game drawn by mutual agreement"]
[WhiteElo "1958"]
[BlackElo "2120"]
[Opening "English: closed system"]
[ECO "A25"]
[NIC "EO.24"]
[Time "14:31:45"]
[PlyCount "99"]
[TimeControl "4500+10"]

1. c4 e5 2. g3 Nc6 3. Bg2 g6 4. Nc3 Bg7 5. e3 Nge7 6. Nge2 d6 7. O-O Be6 8.
d3 Qd7 9. Rb1 O-O 10. b4 Bh3 11. b5 Bxg2 12. Kxg2 Nd8 13. Qc2 Ne6 14. a4 c6
15. Ba3 f5 16. f4 exf4 17. exf4 c5 18. Bb2 d5 19. Rbd1 d4 20. Nb1 b6 21.
Ng1 Kh8 22. Nf3 Ng8 23. Rde1 Nh6 24. Bc1 Rae8 25. Kg1 Nf7 26. Qg2 Re7 27.
Re2 Rfe8 28. Rfe1 Nf8 29. Kf1 Rxe2 30. Rxe2 Rxe2 31. Qxe2 Qe6 32. Nbd2
Qxe2+ 33. Kxe2 Ne6 34. Nb3 Bf6 35. a5 h6 36. axb6 axb6 37. h4 Kg7 38. Kf2
Bd8 39. Bd2 Bc7 40. Nc1 Kf6 41. Ne2 Ng7 42. Kg2 Nh5 43. Kf2 Ke6 44. Nfg1
Nf6 45. Nh3 Ng4+ 46. Kg2 Kf6 47. Neg1 Nd6 48. Nf3 Nb7 49. Nf2 Nxf2 50. Kxf2
{ Game drawn by mutual agreement } 1/2-1/2

[Event "ICC tourney 2266 (75 10)"]
[Site "Internet Chess Club"]
[Date "2021.01.03"]
[Round "5"]
[White "jy2020"]
[Black "largecrab"]
[Result "1-0"]
[ICCResult "Black resigns"]
[WhiteElo "2213"]
[BlackElo "2166"]
[Opening "Sicilian: Taimanov (Bastrikov) variation"]
[ECO "B47"]
[NIC "SI.40"]
[Time "14:31:41"]
[PlyCount "119"]
[TimeControl "4500+10"]

1. e4 c5 2. Nf3 e6 3. d4 cxd4 4. Nxd4 Nc6 5. Nc3 Qc7 6. g3 a6 7. Bg2 Nf6 8.
O-O Bc5 9. Nxc6 bxc6 10. Na4 Be7 11. c4 d6 12. Be3 Rb8 13. h3 c5 14. Qc2
O-O 15. Nc3 Nd7 16. f4 Bf6 17. Rad1 Nb6 18. b3 Bb7 19. Rfe1 Rfd8 20. Bf2
Nc8 21. g4 g6 22. e5 Bxg2 23. Kxg2 Be7 24. Ne4 a5 25. exd6 Bxd6 26. Nf6+
Kf8 27. Qc3 Bxf4 28. Nxh7+ Kg8 29. Nf6+ Kf8 30. Rxd8+ Qxd8 31. Bxc5+ Bd6
32. Be3 Bb4 33. Qe5 Bxe1 34. Bc5+ Ne7 35. Nd7+ Ke8 36. Nf6+ Kf8 37. Nd5 Ke8
38. Bxe7 Qc8 39. Bd6 Kd7 40. Nf6+ Kc6 41. Qc5+ Kb7 42. Qb5+ Ka7 43. Bxb8+
Qxb8 44. Qxb8+ Kxb8 45. Nd7+ Kc7 46. Ne5 f5 47. Nxg6 fxg4 48. hxg4 Kd6 49.
Kf3 Kc5 50. Ne5 Kd4 51. Nd7 Bh4 52. Nf8 e5 53. Ne6+ Kd3 54. Nc5+ Kc3 55.
Ne4+ Kb2 56. c5 Bd8 57. g5 Kxa2 58. g6 Kxb3 59. g7 a4 60. g8=Q+ { Black
resigns } 1-0

[Event "ICC tourney 2266 (75 10)"]
[Site "Internet Chess Club"]
[Date "2021.01.03"]
[Round "5"]
[White "rayxu"]
[Black "Chesssaga"]
[Result "0-1"]
[ICCResult "White resigns"]
[WhiteElo "1915"]
[BlackElo "1995"]
[Opening "Ruy Lopez: closed, Breyer, Borisenko variation"]
[ECO "C95"]
[NIC "RL.25"]
[Time "14:31:46"]
[PlyCount "82"]
[TimeControl "4500+10"]

1. e4 e5 2. Nf3 Nc6 3. Bb5 a6 4. Ba4 Nf6 5. O-O Be7 6. Re1 b5 7. Bb3 d6 8.
c3 O-O 9. h3 Nb8 10. d4 Nbd7 11. Nbd2 Bb7 12. Bc2 Re8 13. Nf1 Bf8 14. Ng3
g6 15. a4 c5 16. d5 c4 17. Be3 Qc7 18. Qd2 Bg7 19. Rf1 Nc5 20. Bxc5 Qxc5
21. Kh1 Qc7 22. Nh2 Nd7 23. Ng4 h5 24. Ne3 Bh6 25. Qe2 Nf6 26. Ra3 h4 27.
Ngf5 gxf5 28. Nxf5 Bg5 29. g3 Bc8 30. gxh4 Bf4 31. Rg1+ Kh8 32. Rg5 Bxg5
33. hxg5 Bxf5 34. exf5 Qe7 35. gxf6 Qxf6 36. Ra1 Rg8 37. axb5 Qh4 38. Qf3
axb5 39. Rxa8 Rxa8 40. f6 Ra1+ 41. Kh2 Qf4+ { White resigns } 0-1

[Event "ICC tourney 2266 (75 10)"]
[Site "Internet Chess Club"]
[Date "2021.01.03"]
[Round "5"]
[White "marble"]
[Black "Volkov"]
[Result "1/2-1/2"]
[ICCResult "Game drawn by repetition"]
[WhiteElo "2508"]
[BlackElo "2607"]
[Opening "French: Tarrasch, closed variation"]
[ECO "C05"]
[NIC "FR.16"]
[Time "14:31:37"]
[PlyCount "61"]
[TimeControl "4500+10"]

1. e4 e6 2. d4 d5 3. Nd2 Nf6 4. e5 Nfd7 5. f4 c5 6. c3 Nc6 7. Ndf3 Qb6 8.
g3 a5 9. Ne2 a4 10. Bh3 a3 11. b3 cxd4 12. cxd4 Bb4+ 13. Kf2 Ndb8 14. Kg2
Na6 15. Ne1 Nc7 16. Nd3 Nb5 17. Nxb4 Nxb4 18. Be3 Bd7 19. Qd2 Qa5 20. Rhc1
O-O 21. g4 f6 22. g5 f5 23. Kg1 Rfc8 24. Bf1 b6 25. Rxc8+ Rxc8 26. Rc1 Nc6
27. Qd1 Qa8 28. Qd2 Qa5 29. Qd1 Qa8 30. Qd2 Qa5 31. Qd1 { Game drawn by
repetition } 1/2-1/2

[Event "ICC tourney 2266 (75 10)"]
[Site "Internet Chess Club"]
[Date "2021.01.03"]
[Round "5"]
[White "brilliantnessme"]
[Black "creepycrawlies"]
[Result "0-1"]
[ICCResult "White resigns"]
[WhiteElo "2032"]
[BlackElo "2187"]
[Opening "Sicilian: Najdorf, Byrne (English) attack"]
[ECO "B90"]
[NIC "SI.14"]
[Time "14:31:36"]
[PlyCount "90"]
[TimeControl "4500+10"]

1. e4 c5 2. Nf3 d6 3. d4 cxd4 4. Nxd4 Nf6 5. Nc3 a6 6. Be3 e5 7. Nb3 Be6 8.
f3 Nbd7 9. Qd2 b5 10. g4 b4 11. Nd5 Bxd5 12. exd5 Nb6 13. O-O-O Nfxd5 14.
f4 Nxe3 15. Qxe3 Be7 16. Kb1 Qc7 17. Bd3 O-O 18. fxe5 dxe5 19. Rhe1 Na4 20.
g5 g6 21. Qxe5 Bd6 22. Qe4 Rae8 23. Qxe8 Rxe8 24. Rxe8+ Kg7 25. h4 Be5 26.
Bxa6 h5 27. Bb5 Nxb2 28. Rd7 Qc3 29. Rxe5 Qxe5 30. Rd4 Qxb5 31. Kxb2 Qe5
32. Kb1 f6 33. gxf6+ Kxf6 34. Rc4 Qe2 35. Rf4+ Ke5 36. Rd4 Qe1+ 37. Kb2
Qc3+ 38. Kc1 Qxd4 39. Nxd4 Kxd4 40. Kd2 g5 41. hxg5 Ke5 42. Ke3 Kf5 43. Kd4
h4 44. g6 Kxg6 45. Ke4 Kg5 { White resigns } 0-1

[Event "ICC tourney 2266 (75 10)"]
[Site "Internet Chess Club"]
[Date "2021.01.03"]
[Round "5"]
[White "RogerZ"]
[Black "annameiyappan"]
[Result "1/2-1/2"]
[ICCResult "Game drawn by repetition"]
[WhiteElo "1930"]
[BlackElo "1994"]
[Opening "Scandinavian (center counter) defense"]
[ECO "B01"]
[NIC "SD.01"]
[Time "14:31:37"]
[PlyCount "95"]
[TimeControl "4500+10"]

1. e4 d5 2. exd5 Qxd5 3. Nc3 Qa5 4. d4 c6 5. Nf3 Nf6 6. Bd2 Bf5 7. Bc4 Nbd7
8. O-O Qc7 9. Ne2 e6 10. Bf4 Bd6 11. Bxd6 Qxd6 12. c3 O-O 13. Ng3 Bg6 14.
Nh4 Rad8 15. Nxg6 hxg6 16. Qc2 c5 17. Rfd1 Qc7 18. Be2 cxd4 19. Rxd4 Nb6
20. Rxd8 Rxd8 21. Bf3 Nfd5 22. Rd1 Rc8 23. Bxd5 Nxd5 24. Qd3 Kf8 25. Ne4
Qf4 26. c4 Nb6 27. Qd6+ Qxd6 28. Nxd6 Rd8 29. c5 Nc4 30. Rd4 Nxd6 31. cxd6
Ke8 32. Kf1 Kd7 33. Rf4 f6 34. Rg4 g5 35. h4 Kxd6 36. hxg5 Ke5 37. gxf6
gxf6 38. Rg7 Rd1+ 39. Ke2 Ra1 40. a3 b6 41. Rxa7 Ra2 42. g3 Rxb2+ 43. Ke3
Rb3+ 44. Ke2 Rb2+ 45. Ke3 Rb3+ 46. Ke2 Rb2+ 47. Ke3 Rb3+ 48. Ke2 { Game
drawn by repetition } 1/2-1/2

[Event "ICC tourney 2266 (75 10)"]
[Site "Internet Chess Club"]
[Date "2021.01.03"]
[Round "5"]
[White "Openyagami"]
[Black "Ambuli123"]
[Result "1/2-1/2"]
[ICCResult "Black stalemated"]
[WhiteElo "2606"]
[BlackElo "2159"]
[Opening "English opening"]
[ECO "A20"]
[NIC "EO.24"]
[Time "14:31:45"]
[PlyCount "129"]
[TimeControl "4500+10"]

1. c4 e5 2. g3 Nf6 3. Bg2 d5 4. cxd5 Nxd5 5. Nf3 Nc6 6. O-O Nb6 7. b3 Be7
8. Bb2 Bf6 9. Nc3 Bf5 10. Ba3 Be7 11. Bxe7 Qxe7 12. d4 Rd8 13. d5 e4 14.
Nh4 g6 15. e3 Qe5 16. Qb1 Nxd5 17. Nxd5 Rxd5 18. Nxf5 gxf5 19. f3 Rd3 20.
fxe4 fxe4 21. Rf4 f5 22. Qf1 Ne7 23. Re1 Rg8 24. Kh1 c6 25. Qe2 Rg5 26. g4
Nd5 27. gxf5 Rxe3 28. Qxe3 Nxe3 29. Rxe4 Qxe4 30. Bxe4 Ng4 31. h4 Rg7 32.
Bxc6+ Kf8 33. Bf3 Nh6 34. Bd5 Rg4 35. Re4 Rxe4 36. Bxe4 Kf7 37. Kg2 Kf6 38.
Bxb7 Nxf5 39. Kh3 Ne3 40. Kg3 Ke5 41. Kf3 Kd4 42. Kf4 h6 43. h5 a5 44. a4
Kd3 45. Ba6+ Kd4 46. Bc4 Nxc4 47. bxc4 Kxc4 48. Kf5 Kd5 49. Kg6 Ke6 50.
Kxh6 Kf6 51. Kh7 Kf7 52. h6 Kf8 53. Kg6 Kg8 54. Kf6 Kh7 55. Kg5 Kh8 56. Kf5
Kh7 57. Ke5 Kxh6 58. Kd5 Kg7 59. Kc5 Kf8 60. Kb5 Ke8 61. Kxa5 Kd8 62. Kb6
Kc8 63. a5 Kb8 64. a6 Ka8 65. a7 { Black stalemated } 1/2-1/2

[Event "ICC tourney 2266 (75 10)"]
[Site "Internet Chess Club"]
[Date "2021.01.03"]
[Round "5"]
[White "yanzhe"]
[Black "dpomerantz135"]
[Result "0-1"]
[ICCResult "White checkmated"]
[WhiteElo "1929"]
[BlackElo "2238"]
[Opening "Bogo-Indian defense"]
[ECO "E11"]
[NIC "QI.01"]
[Time "14:31:50"]
[PlyCount "116"]
[TimeControl "4500+10"]

1. d4 Nf6 2. c4 e6 3. Nf3 Bb4+ 4. Bd2 a5 5. a3 Bxd2+ 6. Qxd2 d6 7. Nc3 O-O
8. e4 Nc6 9. Bd3 e5 10. d5 Ne7 11. O-O Ne8 12. b4 f5 13. exf5 Bxf5 14. Bxf5
Nxf5 15. Ng5 Nd4 16. f4 axb4 17. Qd3 g6 18. Ne2 Nxe2+ 19. Qxe2 Ng7 20. Qg4
h5 21. Qh3 Rxa3 22. Rxa3 bxa3 23. Qxa3 Rxf4 24. Rxf4 exf4 25. Nf3 Nf5 26.
Qb2 b6 27. Qd2 Qe7 28. Qxf4 Qe3+ 29. Qxe3 Nxe3 30. Nd2 b5 31. cxb5 Nxd5 32.
Nc4 Kf7 33. Kf2 Ke6 34. Kf3 Nc3 35. b6 cxb6 36. Nxb6 g5 37. g4 h4 38. Nc4
d5 39. Ne3 Ke5 40. Nf5 d4 41. h3 Nd5 42. Kf2 Nf4 43. Kf3 Nxh3 44. Nh6 Nf4
45. Nf7+ Kf6 46. Nd6 h3 47. Ne4+ Ke5 48. Nxg5 h2 49. Nf7+ Kf6 50. Kxf4 Kxf7
51. Kg5 h1=Q 52. Kf5 Qf3+ 53. Kg5 Ke6 54. Kh4 d3 55. Kh5 d2 56. Kh6 Qxg4
57. Kh7 d1=Q 58. Kh8 Qh1# { White checkmated } 0-1

[Event "ICC tourney 2266 (75 10)"]
[Site "Internet Chess Club"]
[Date "2021.01.03"]
[Round "5"]
[White "mr-sosa"]
[Black "chessw23"]
[Result "1-0"]
[ICCResult "Black resigns"]
[WhiteElo "2086"]
[BlackElo "1944"]
[Opening "QGD: exchange, positional line"]
[ECO "D35"]
[NIC "QO.16"]
[Time "14:31:46"]
[PlyCount "127"]
[TimeControl "4500+10"]

1. d4 d5 2. c4 e6 3. Nc3 Nf6 4. cxd5 exd5 5. Bg5 Be7 6. e3 c6 7. Bd3 h6 8.
Bh4 O-O 9. Qc2 Re8 10. Nf3 b6 11. O-O Be6 12. Ne5 a6 13. Rfd1 Nfd7 14. Bg3
Nxe5 15. dxe5 f6 16. Bh7+ Kh8 17. Bg6 Rf8 18. e4 d4 19. Ne2 c5 20. Nf4 Qc8
21. Bf5 Bxf5 22. exf5 Kh7 23. Ng6 Re8 24. e6 Nc6 25. Qe4 Qb7 26. Rd3 Na5
27. Qg4 Rad8 28. Re1 Nc6 29. Nf4 c4 30. Qg6+ Kh8 31. Nh5 Bf8 32. Rf3 d3 33.
Bf4 Nd4 34. Rh3 Ne2+ 35. Kf1 Nxf4 36. Nxf4 d2 37. Rd1 Qe4 38. Rh4 Qc2 39.
Ke2 Qxb2 40. Qf7 Qe5+ 41. Kf1 Qxf5 42. e7 Bxe7 43. Rxh6+ gxh6 44. Ng6+ Qxg6
45. Qxg6 Bf8 46. Rxd2 Bg7 47. Qf7 b5 48. Rd7 Rxd7 49. Qxd7 Rg8 50. Qe6 a5
51. Qc6 f5 52. Qxb5 c3 53. Qxf5 Rf8 54. Qxa5 Rc8 55. Qf5 Rc7 56. Qc2 Rb7
57. a4 Rb2 58. Qc1 c2 59. Ke2 Kh7 60. a5 Ra2 61. Kd3 Rxa5 62. Qxc2 Re5 63.
f4 Rd5+ 64. Kc4+ { Black resigns } 1-0

[Event "ICC tourney 2266 (75 10)"]
[Site "Internet Chess Club"]
[Date "2021.01.03"]
[Round "5"]
[White "edmehu"]
[Black "BBCC2020"]
[Result "1-0"]
[ICCResult "Black resigns"]
[WhiteElo "2212"]
[BlackElo "2193"]
[Opening "Sicilian defense"]
[ECO "B20"]
[NIC "SI.48"]
[Time "14:31:51"]
[PlyCount "69"]
[TimeControl "4500+10"]

1. e4 c5 2. b3 d6 3. Bb2 Nc6 4. Bb5 e5 5. f4 exf4 6. Nf3 Bg4 7. O-O Nf6 8.
e5 dxe5 9. Qe1 Bxf3 10. Qxe5+ Qe7 11. Rxf3 Qxe5 12. Bxe5 Be7 13. Nc3 O-O
14. Bxc6 bxc6 15. Re1 Rfe8 16. Bxf4 Bf8 17. Rfe3 Rxe3 18. Bxe3 Nd5 19. Na4
Nxe3 20. Rxe3 Rd8 21. d3 f6 22. Kf2 Kf7 23. Re4 Rd4 24. Ke3 Rd5 25. Nc3 Rd8
26. Ra4 Rd7 27. Ra6 Bd6 28. h3 Rc7 29. Ne4 Ke6 30. Ra5 Re7 31. Kd2 c4 32.
Nxd6 Kxd6 33. bxc4 g6 34. d4 f5 35. Ra6 { Black resigns } 1-0